 Dungeon Crawl Stone Soup version 0.24.0-13-gcf9b3192b9 (webtiles) character file.

Game seed: 17293404806804122104, levelgen mode: deterministic

57 Aviak the Insei (level 4, -5/26 HPs)
             Began as a Tengu Transmuter on Nov 10, 2019.
             Slain by Crazy Yiuf
             ... wielding a +4 quarterstaff of chaos
              (13 damage)
             ... on level 2 of the Dungeon.
             The game lasted 00:01:29 (1722 turns).

Aviak the Insei (Tengu Transmuter)                  Turns: 1722, Time: 00:01:30

Health: -5/26      AC:  5    Str: 10    XL:     4   Next: 0%
Magic:  6/8        EV: 11    Int: 13    God:
Gold:   151        SH:  0    Dex: 16    Spells: 6/7 levels left

rFire    . . .     SeeInvis .   c - +0 hand axe
rCold    . . .     Gourm    .   (no shield)
rNeg     . . .     Faith    .   o - +0 ring mail
rPois    .         Spirit   .   (helmet restricted)
rElec    .         Reflect  .   (no cloak)
rCorr    .         Harm     .   (no gloves)
MR       .....                  (boots unavailable)
Stlth    +.........             (no amulet)
HPRegen  0.08/turn              (no ring)
MPRegen  0.11/turn              (no ring)

@: appendage (expiring), very slightly contaminated
A: beak, horns 2, talons 3
a: End Transformation


You were on level 2 of the Dungeon.
You were not hungry.
You had grown temporary horns.
You visited 1 branch of the dungeon, and saw 2 of its levels.

You collected 151 gold pieces.

Inventory:

Hand Weapons
 c - a +0 hand axe (weapon)
Missiles
 a - 31 arrows
Armour
 b - a +0 robe
 o - a +0 ring mail (worn)
Scrolls
 e - 4 scrolls of remove curse {unknown}
 f - a scroll of fear {unknown}
 g - a scroll of random uselessness {unknown}
 h - a scroll of amnesia {unknown}
 j - a scroll of fog {unknown}
 k - a scroll of identify {unknown}
 l - a scroll of teleportation {unknown}
Potions
 i - a potion of brilliance {unknown}
 m - a potion of heal wounds {unknown}
 n - a potion of curing {unknown}
Comestibles
 d - 6 rations


   Skills:
 + Level 1.7 Fighting
 + Level 0.3 Armour
 + Level 2.8 Dodging
 + Level 3.7 Unarmed Combat
 + Level 2.4 Spellcasting
 + Level 2.0 Transmutations


You had 6 spell levels left.
You knew the following spells:

 Your Spells              Type           Power        Failure   Level  Hunger
a - Beastly Appendage     Tmut           #.....       28%         1    #......

Your spell library contained the following spells:

 Spells                   Type           Power        Failure   Level  Hunger
 Sticks to Snakes         Tmut           #.......     38%         2    ###....
 Spider Form              Tmut/Pois      #.........   77%         3    ###....
 Ice Form                 Ice/Tmut       #.......     99%         4    #####..
 Blade Hands              Tmut           #.........   100%        5    ######.


Dungeon Overview and Level Annotations

Branches:
Dungeon (2/15)

Altars:
Wu Jian

Annotations:
D:2 Crazy Yiuf


Innate Abilities, Weirdness & Mutations

You have a beak for a mouth.
You have claws for feet.
You have a pair of horns on your head.


Message History

Confirm with . or Enter, or press ? or * to list all spells.
You grow a pair of large bovine horns.
Crazy Yiuf whimpers, "Snurf!"
You open the door. You barely miss Crazy Yiuf. Your headbutt misses Crazy Yiuf.
Your peck misses Crazy Yiuf.
Your transformation is almost over.
Crazy Yiuf hits you with a +4 quarterstaff of chaos!
You barely miss Crazy Yiuf. You claw Crazy Yiuf. You peck Crazy Yiuf.
Crazy Yiuf is moderately wounded.
Crazy Yiuf hits you with a +4 quarterstaff of chaos.
Crazy Yiuf twirls on the spot.
Crazy Yiuf hits you with a +4 quarterstaff of chaos.
Crazy Yiuf freezes you.
You barely miss Crazy Yiuf. You headbutt Crazy Yiuf.
Crazy Yiuf is moderately wounded.
Crazy Yiuf says, "Shower cower seventy!"
Crazy Yiuf hits you with a +4 quarterstaff of chaos!
Ouch! That really hurt!
You die...

.#...##.#.####....#
### .........###
#....# ##.........#
♣....♣ ##.#.#######
♣...♣♣ ##.#.# ♣♣.♣♣
##.#.# ♣.♣♣ .#.#.#
♣♣.♣ #..#.# ♣.♣♣
#..#.# ♣♣@♣ #.##.#
#g# .....# ...
###### #...# #
#..)# #####


You could see Crazy Yiuf.

Vanquished Creatures
  2 adders (D:2)
  2 worms (D:2)
  A leopard gecko (D:1)
  4 bats
  3 giant cockroaches (D:1)
  2 goblins
  4 hobgoblins
  6 kobolds
  A ball python (D:1)
  3 frilled lizards (D:1)
  6 rats
34 creatures vanquished.

Notes
Turn   | Place    | Note
-------+----------+-------------------------------------------
     0 | D:1      | Aviak the Tengu Transmuter began the quest for the Orb.
     0 | D:1      | Reached XP level 1. HP: 12/12 MP: 4/4
   191 | D:1      | Reached XP level 2. HP: 11/16 MP: 6/6
   790 | D:2      | Found an ornate altar of the Wu Jian Council.
   806 | D:2      | Reached XP level 3. HP: 17/20 MP: 7/7
  1540 | D:2      | Found a runed translucent door.
  1541 | D:2      | Noticed Crazy Yiuf
  1592 | D:2      | Reached XP level 4. HP: 20/26 MP: 6/8
  1722 | D:2      | Slain by Crazy Yiuf

Levels and vault maps discovered:
D:1:      lightli_arrival_boilingwater, layout_loops_ring, minmay_hexomino_f4
D:2:      layout_loops_ring, nicolae_overflow_crystal_walls,
          uniq_crazy_yiuf_cottage

Skill      XL: |  1  2  3 |
---------------+----------+-----
Transmutations | 2 |  2.0
Fighting       | |  1.7
Armour         | |  0.3
Dodging        | |  2.8
Unarmed Combat | |  3.7
Spellcasting   | |  2.4

Action                   |  1- 3 |  4- 6 || total
-------------------------+-------+-------++-------
Melee: Hand axe          |    79 |     3 ||    82
       Unarmed           |     3 |       ||     3
       Kick              |    15 |     1 ||    16
       Peck              |     5 |     1 ||     6
       Headbutt          |       |     1 ||     1
 Cast: Beastly Appendage |     5 |     1 ||     6
  Use: Potion            |     1 |       ||     1
 Stab: Sleeping          |     2 |       ||     2
  Eat: Chunk             |     2 |     1 ||     3
Armor: Robe              |    18 |       ||    18
       Skin              |    19 |       ||    19
       Ring mail         |     6 |       ||     6
Dodge: Dodged            |    53 |       ||    53
